 Dungeon Crawl Stone Soup version 0.29-a0-378-gc08b2e8bf8 (webtiles) character file.

Game seed: 11209228527372561431

3588 zeratav the Grappler (level 9, -8/96 HPs)
             Began as a Troll Fighter on May 4, 2022.
             Was an Initiate of Yredelemnul.
             Mangled by a yak (13 damage)
             ... on level 7 of the Dungeon.
             The game lasted 00:13:26 (5476 turns).

zeratav the Grappler (Troll Fighter)                Turns: 5476, Time: 00:13:27

Health: -8/96      AC:  7    Str: 30    XL:     9   Next: 85%
Magic:  8/8        EV:  9    Int:  4    God:    Yredelemnul [......]
Gold:   313        SH:  8    Dex: 12    Spells: 8/8 levels left

rFire   . . .      SeeInvis .     - Unarmed
rCold   . . .      Faith    .   b - +0 kite shield
rNeg    + . .      Spirit   .   a - +0 robe
rPois   .          Reflect  .   (helmet restricted)
rElec   .          Harm     .   m - +2 cloak of Stoicism {Contam rN+ Will+ Dex+3}
rCorr   .          Rampage  .   (gloves unavailable)
Will    +....                   (boots unavailable)
Stlth   +.........              (no amulet)
HPRegen 1.06/turn               (no ring)
MPRegen 0.11/turn               (no ring)

@: slowed, very slow
A: large, unfitting armour, claws 3, regeneration 1, shaggy fur 1, tough skin 1
a: Renounce Religion, Recall Undead Harvest


You were on level 7 of the Dungeon.
You worshipped Yredelemnul.
Yredelemnul was noncommittal.
You visited 2 branches of the dungeon, and saw 9 of its levels.

You collected 313 gold pieces.


Innate Abilities, Weirdness & Mutations

You are too large for most types of armour.
You have claws for hands.
Your natural rate of healing is unusually fast.
You are covered in fur. (AC +1)
You have tough skin. (AC +1)


   Skills:
 - Level 8.0 Fighting
 - Level 2.4 Dodging
 + Level 3.0 Shields
 - Level 11.0 Unarmed Combat


You had 8 spell levels left.
You didn't know any spells.
Your spell library contained the following spells:

 Spells                   Type           Power      Damage    Failure   Level
 Beastly Appendage        Tmut           0%         N/A       80%         1
 Slow                     Hex            0%         N/A       80%         1
 Sting                    Tmut/Pois      0%         1d3       80%         1
 Blink                    Tloc           0%         N/A       90%         2
 Poisonous Vapours        Pois/Air       0%         N/A       90%         2
 Scorch                   Fire           0%         2d5       90%         2
 Wereblood                Tmut           0%         N/A       90%         2
 Confusing Touch          Hex            0%         N/A       99%         3
 Gell's Gravitas          Tloc           0%         N/A       99%         3
 Inner Flame              Hex/Fire       0%         N/A       99%         3
 Lesser Beckoning         Tloc           0%         N/A       99%         3
 Spider Form              Tmut/Pois      0%         N/A       99%         3
 Summon Guardian Golem    Hex/Summ       0%         N/A       99%         3
 Teleport Other           Tloc           0%         N/A       99%         3
 Vampiric Draining        Necr           0%         2d6       99%         3
 Cause Fear               Hex            0%         N/A       100%        4
 Olgreb's Toxic Radiance  Pois           0%         N/A       100%        4
 Fireball                 Conj/Fire      0%         3d3       100%        5
 Manifold Assault         Tloc           0%         N/A       100%        5
 Orb of Destruction       Conj           0%         9d5       100%        7
 Spellforged Servitor     Conj/Summ      0%         N/A       100%        7
 Discord                  Hex            0%         N/A       100%        8

Inventory:

Hand Weapons
 f - a +0 club {mace}
   (You took it off a gnoll on level 1 of the Dungeon)
Armour
 a - a +0 robe (worn)
 b - a +0 kite shield (worn)
 m - the +2 cloak of Stoicism (worn) {Contam rN+ Will+ Dex+3}
   (You found it on level 2 of the Dungeon)

   Dex:       It affects your dexterity (+3).
   rN:        It protects you from negative energy.
   Contam:    It causes magical contamination when unequipped.
   Will:      It increases your willpower.
 q - a +1 robe of fire resistance
   (You took it off Jessica on level 3 of the Dungeon)
 s - a +0 robe
   (You took it off Blork the orc on level 5 of the Dungeon)
 t - a +0 robe
   (You took it off an orc wizard on level 5 of the Dungeon)
 C - a +0 robe
   (You took it off an orc wizard on level 7 of the Dungeon)
 I - a +0 hat
   (You found it on level 5 of the Dungeon)
Wands
 x - a wand of flame (25)
   (You took it off Edmund on level 4 of the Dungeon)
 y - a wand of iceblast (11)
   (You found it on level 5 of the Dungeon)
Scrolls
 g - 7 scrolls of teleportation {unknown}
 h - a scroll of summoning {unknown}
 i - a scroll of poison {unknown}
 j - 2 scrolls of identify {unknown}
 k - 2 scrolls of blinking {unknown}
 n - 3 scrolls of immolation {unknown}
 o - a scroll of brand weapon {unknown}
 p - a scroll of fog {unknown}
 w - 2 scrolls of acquirement {unknown}
 A - a scroll of enchant armour {unknown}
 G - a scroll of amnesia {unknown}
 J - a scroll of magic mapping {unknown}
Potions
 c - 4 potions of might
 d - a potion of brilliance {unknown}
 e - 6 potions of heal wounds {unknown}
 l - 4 potions of curing {unknown}
 r - 2 potions of cancellation {unknown}
 u - a potion of haste {unknown}
 v - a potion of degeneration {unknown}
 z - a potion of mutation {unknown}
 B - 2 potions of berserk rage {unknown}
 D - a potion of resistance {unknown}
 E - a potion of invisibility {unknown}
 F - a potion of lignification {unknown}
 H - a potion of magic {unknown}

Dungeon Overview and Level Annotations

Branches:
Dungeon (8/15)             Temple (1/1) D:5
   Lair: D:8-11

Altars:
Ashenzari
Dithmenos
Elyvilon
Fedhas
Gozag
Hepliaklqana
Kikubaaqudgha
Makhleb
Nemelex Xobeh
Okawaru
Qazlal
Ru
Sif Muna
Trog
Uskayaw
Wu Jian
Yredelemnul
Zin

#..##......<......
#..##..>..........
#.................
#............##...
#............##...
#..##.............
#..##.............
#YY...............
#@Y...............
#WY...............
#..##..###..####'#
##########..###..#
#....#.....
#..(Z#.....
#....'.....
##..###.###
######'###


You could see 4 yaks and a wraith.


Message History

The yak gores you but does no damage.
You mangle the yak!!
You kill the yak!
You block the yak's attack.
You mangle the yak!!
An orc wizard comes into view. It is wielding a +0 dagger.
The yak gores you!
An orc comes into view. It is wielding a +0 trident.
The yak gores you!
The orc shouts!
The orc wizard shouts!
You mangle the yak!!
You kill the yak!
You block the yak's attack. x2
You scratch the yak. You block the yak's attack.
You mangle the yak!! The yak gores you! The yak barely misses you.
The yak gores you! The yak closely misses you.
You are too injured to fight recklessly!
HP[-32]
You now have 96 max hp (+3).
You take 32 damage, and now have 61/96 hp.
MASSIVE DAMAGE!! (PAUSE)
You are too injured to fight recklessly!
You are too injured to fight recklessly!
The yak attacks as you move away! The yak gores you.
The yak gores you but does no damage. The yak barely misses you.
The yak attacks as you move away! The yak closely misses you.
The yak snorts and paws the ground.
HP[+2]
You regained 2 hp, and now have 63/96 hp.
The yak attacks as you move away! The yak gores you but does no damage.
The yak gores you!
HP[-9]
You take 9 damage, and now have 54/96 hp.
HP[+1] HP[+1] HP[+1] HP[+1] HP[+1]
The yak attacks as you move away! The yak gores you.
HP[-1]
You take 1 damage, and now have 58/96 hp.
The yak attacks as you move away! You block the yak's attack.
HP[+1] HP[+1]
The yak attacks as you move away! The yak gores you but does no damage.
There is a stone staircase leading up here.
HP[+1]
You barely miss the yak.
HP[+1]
You claw the yak! The yak gores you but does no damage.
HP[+1]
You mangle the yak!!
You kill the yak!
You block the wraith's attack. You block the yak's attack.
Training target 8.0 for Fighting reached!
Your Fighting skill increases to level 8!
You need to enable at least one skill for training.
Your Shields skill increases to level 3!
HP[+1]
You barely miss the yak. You block the orc's attack. The wraith hits you.
The wraith drains your vigour!
You feel yourself slow down. The yak gores you.
HP[-9]
You take 9 damage, and now have 55/96 hp.
You claw the yak! You block the orc's attack. The yak gores you.
You block the wraith's attack. The yak gores you!
* * * LOW HITPOINT WARNING * * *
The yak gores you but does no damage. The wraith hits you.
* * * LOW HITPOINT WARNING * * *
The yak gores you.
* * * LOW HITPOINT WARNING * * *
The yak gores you but does no damage. You block the yak's attack.
The orc hits you from afar with a +0 trident.
* * * LOW HITPOINT WARNING * * *
The yak gores you.
* * * LOW HITPOINT WARNING * * *
HP[-34]
You take 34 damage, and now have 21/96 hp.
MASSIVE DAMAGE!! (PAUSE)
The yak closely misses you. The yak gores you but does no damage.
The orc closely misses you. The wraith hits you.
* * * LOW HITPOINT WARNING * * *
The wraith drains your vigour!
You feel as though you will be slow longer.
The yak barely misses you. The yak gores you.
* * * LOW HITPOINT WARNING * * *
You climb upwards.
There is a stone staircase leading down here.
HP[-5]
You take 5 damage, and now have 16/96 hp.
You completely miss the wraith. The wraith hits you!
* * * LOW HITPOINT WARNING * * *
The wraith drains your vigour!
You feel as though you will be slow longer.
The yak completely misses you. The yak gores you.
* * * LOW HITPOINT WARNING * * *
You block the yak's attack. The yak gores you!
You die...
Your body rises from the dead as a mindless zombie.

Skill      XL: |  1  2  3  4  5  6  7  8  9 |
---------------+----------------------------+-----
Unarmed Combat | 3 4 5 6 7 9 11 | 11.0
Fighting       | 4 8 |  8.0
Shields        | 3 |  3.0
Dodging        | |  2.4

Action                   |  1- 3 |  4- 6 |  7- 9 || total
-------------------------+-------+-------+-------++-------
Melee: Unarmed           |   114 |   115 |   234 ||   463
Invok: Recall Undead Har |       |       |     1 ||     1
       Dark Bargain      |       |       |     1 ||     1
 Stab: Distracted        |       |       |     1 ||     1
Armor: Robe              |    41 |    27 |    73 ||   141
       Skin              |       |     1 |       ||     1
Dodge: Dodged            |    45 |    34 |    94 ||   173
Block: Kite shield       |    51 |    27 |    84 ||   162

Levels and vault maps discovered:
D:1:      roderic_octagonal_star, layout_rooms, minmay_pentomino_r4
D:2:      minmay_skewed_foursquare, layout_basic,
          shapermc_ecumenical_altar_pompeii, minmay_diced_spiral
D:3:      layout_rooms, lemuel_tele_altar, uniq_jessica, uniq_natasha,
          uniq_grinder
D:4:      layout_loops_ring, uniq_edmund
D:5:      wander_river, layout_layer_cave, grunt_temple_overflow_diamond,
          lemuel_doored_altar, minmay_temple_entry_slanted,
          kennysheep_big_empty_room, uniq_blork_the_orc
D:6:      layout_rooms
D:7:      layout_gridville, chequers_serial_rivers_micro_c,
          uniq_crazy_yiuf_cottage
D:8:      layout_cave_pools, vehumet_crystals, lemuel_round_altar,
          kennysheep_generic_room_11
Temple:   cyrus_circular_temple

Notes
Turn   | Place    | Note
-------+----------+-------------------------------------------
     0 | D:1      | zeratav the Troll Fighter began the quest for the Orb.
     0 | D:1      | Reached XP level 1. HP: 22/22 MP: 0/0
     0 | D:1      | magus.rc [v1.9.6]
    98 | D:1      | HP: 3/22 [gnoll/+0 club (5)]
   100 | D:1      | Reached XP level 2. HP: 5/29 MP: 1/1
   169 | D:1      | Reached skill level 3 in Unarmed Combat
   288 | D:1      | You pick up a book of Spatial Translocations and begin
                  | reading...
   288 | D:1      | You add the spells Blink, Lesser Beckoning and Manifold
                  | Assault to your library.
   296 | D:1      | Reached XP level 3. HP: 35/36 MP: 2/2
   323 | D:1      | You pick up a book of Debilitation and begin reading...
   323 | D:1      | You add the spells Slow, Vampiric Draining and Confusing
                  | Touch to your library.
   372 | D:1      | You pick up a book of Hexes and begin reading...
   372 | D:1      | You add the spells Inner Flame, Cause Fear and Discord to
                  | your library.
   667 | D:2      | Reached skill level 4 in Unarmed Combat
   820 | D:2      | Reached XP level 4. HP: 44/44 MP: 3/3
   948 | D:2      | Reached skill level 5 in Unarmed Combat
  1088 | D:2      | Identified the +2 cloak of Stoicism {Contam rN+ Will+
                  | Dex+3}
  1118 | D:2      | Found a faded altar of an unknown god.
  1218 | D:2      | Reached XP level 5. HP: 50/50 MP: 4/4
  1666 | D:3      | Noticed Grinder
  1680 | D:3      | Killed Grinder
  1681 | D:3      | Reached skill level 6 in Unarmed Combat
  1681 | D:3      | Reached XP level 6. HP: 56/59 MP: 5/5
  1733 | D:3      | You pick up a book of Displacement and begin reading...
  1733 | D:3      | You add the spells Gell's Gravitas and Teleport Other to
                  | your library.
  1831 | D:3      | Noticed Natasha
  1841 | D:3      | Killed Natasha
  1885 | D:3      | Noticed Jessica
  1892 | D:3      | Killed Jessica
  1893 | D:3      | Reached skill level 7 in Unarmed Combat
  1966 | D:3      | Found a stormy altar of Qazlal.
  2113 | D:3      | Noticed Natasha
  2120 | D:3      | Killed Natasha
  2142 | D:3      | Noticed Natasha
  2149 | D:3      | Killed Natasha
  2181 | D:4      | You pick up a book of Dangerous Friends and begin
                  | reading...
  2181 | D:4      | You add the spells Summon Guardian Golem, Orb of
                  | Destruction and Spellforged Servitor to your library.
  2239 | D:4      | Reached XP level 7. HP: 48/66 MP: 6/6
  2300 | D:4      | Reached skill level 8 in Unarmed Combat
  2473 | D:4      | Noticed Edmund
  2492 | D:4      | Killed Edmund
  2925 | D:5      | Entered Level 5 of the Dungeon
  2974 | D:5      | Found a staircase to the Ecumenical Temple.
  2983 | Temple   | Entered the Ecumenical Temple
  3039 | Temple   | Became a worshipper of Yredelemnul the Dark
  3127 | D:5      | Reached skill level 9 in Unarmed Combat
  3133 | D:5      | Noticed Blork the orc
  3146 | D:5      | Killed Blork the orc
  3236 | D:5      | Reached * piety under Yredelemnul
  3262 | D:5      | You pick up a book of Spatial Translocations and begin
                  | reading...
  3396 | D:5      | Found a burning altar of Makhleb.
  3421 | D:5      | You fall into a shaft and drop 3 floors!
  3424 | D:8      | Noticed a wraith
  3439 | D:7      | Reached XP level 8. HP: 71/74 MP: 7/7
  3454 | D:7      | Noticed a two-headed ogre
  3476 | D:8      | Reached skill level 10 in Unarmed Combat
  3498 | D:7      | You add the spells Sting, Poisonous Vapours and Olgreb's
                  | Toxic Radiance to your library.
  3796 | D:7      | HP: 16/74 [two-headed ogre/+0 giant spiked club (29)]
  3797 | D:7      | Killed a two-headed ogre
  3798 | D:7      | Reached skill level 11 in Unarmed Combat
  3798 | D:7      | Reached skill level 4 in Fighting
  3798 | D:7      | Reached XP level 9. HP: 14/87 MP: 8/8
  3897 | D:7      | Found a runed translucent door.
  3898 | D:7      | Noticed Crazy Yiuf
  3977 | D:7      | Reached skill level 5 in Fighting
  4235 | D:7      | Killed Crazy Yiuf
  4270 | D:6      | Reached skill level 6 in Fighting
  4415 | D:6      | You pick up a book of Changes and begin reading...
  4415 | D:6      | You add the spells Beastly Appendage, Wereblood and Spider
                  | Form to your library.
  4452 | D:6      | Reached ** piety under Yredelemnul
  4514 | D:6      | You add the spells Scorch and Fireball to your library.
  4514 | D:6      | Got Xaenkud's Guide on the Blaze
  4652 | D:6      | Reached skill level 7 in Fighting
  5030 | D:5      | Found a glowing silver altar of Zin.
  5060 | D:5      | Found a shimmering blue altar of Sif Muna.
  5063 | D:5      | Found a sparkling altar of Nemelex Xobeh.
  5472 | D:8      | Reached skill level 8 in Fighting
  5472 | D:8      | Reached skill level 3 in Shields
  5473 | D:8      | HP: 23/96 [orc/+0 trident (3)]
  5476 | D:7      | HP: 10/96 [wraith (8)]
  5476 | D:7      | Mangled by a yak

Vanquished Creatures
  A two-headed ogre (D:7)
  Grinder (D:3)
  A steam dragon (D:6)
  3 yaks (D:8)
  Edmund (D:4)
  A water moccasin (D:7)
  An orc warrior (D:6)
  A sky beast (D:7)
  2 ogres (D:6)
  A centaur (D:7)
  A bullfrog (D:8)
  3 scorpions
  Blork the orc (D:5)
  A necrophage (D:4)
  4 killer bees (D:7)
  2 howler monkeys (D:8)
  3 jellies
  Crazy Yiuf (D:7)
  2 hounds
  An orc priest (D:4)
  A gnoll shaman (D:4)
  Jessica (D:3)
  2 iguanas
  Natasha (thrice) (D:3)
  4 orc wizards
  12 gnolls
  8 adders
  2 shadow imps
  A white imp (D:6)
  2 ufetubi
  A worm (D:2)
  2 dart slugs (D:2)
  19 orcs
  10 ball pythons
  7 endoplasms
  8 goblins
  9 hobgoblins
  4 jackals (D:4)
  13 kobolds
  3 quokkas
  10 bats
  5 frilled lizards
  6 rats
165 creatures vanquished.

Vanquished Creatures (collateral kills)
  A black bear (D:5)
  A killer bee (D:7)
  An adder (D:5)
  An orc (D:6)
4 creatures vanquished.

Vanquished Creatures (others)
  A killer bee zombie (D:7)
  An ogre zombie (D:6)
  A spectral jelly (D:6)
  2 orc zombies
  3 fungi (D:7)
8 creatures vanquished.

Grand Total: 177 creatures vanquished

Table legend:
 A = Non-vault XP
 B = Vault XP
 C = Vault XP percentage of total XP
 D = Non-vault monster count
 E = Vault monster count
 F = Vault count percentage of total count
                 A         B        C        D         E       F
            +---------+---------+-------+---------+---------+-------
      Total |    4463 |     663 |  12.9 |     148 |      21 |  12.4
            +---------+---------+-------+---------+---------+-------
        D:1 |      58 |       6 |   9.4 |      28 |       4 |  12.5
        D:2 |     107 |      29 |  21.3 |      24 |      11 |  31.4
        D:3 |     111 |     339 |  75.3 |      12 |       3 |  20.0
        D:4 |     374 |     162 |  30.2 |      25 |       1 |   3.8
        D:5 |     422 |      85 |  16.8 |      23 |       1 |   4.2
        D:6 |     792 |       0 |   0.0 |      11 |       0 |   0.0
        D:7 |    1776 |      42 |   2.3 |      19 |       1 |   5.0
        D:8 |     823 |       0 |   0.0 |       6 |       0 |   0.0
            +---------+---------+-------+---------+---------+-------

Illustrated notes

Table legend:
 A = Kills in this place as a percentage of kills in entire the game.
 B = Kills by you in this place as a percentage of kills by you in the entire game.
 C = Kills by friends in this place as a percentage of kills by friends in the entire game.
 D = Other kills in this place as a percentage of other kills in the entire game.
 E = Experience gained in this place as a percentage of experience gained in the entire game.
 F = Experience gained in this place divided by the number of levels of this place that you have seen.
                   A       B       C       D       E      F
               +-------+-------+-------+-------+-------+----------------------
         Total | 100.0 | 100.0 | 100.0 |   N/A | 100.0 | 569.6
       Dungeon | 100.0 | 100.0 | 100.0 |   N/A | 100.0 | 640.8
               +-------+-------+-------+-------+-------+----------------------

Table legend: (Time is in decaauts)
 A = Elapsed time spent in this place.
 B = Non-inter-level travel time spent in this place.
 C = Inter-level travel time spent in this place.
 D = Time resting spent in this place.
 E = Time spent auto-exploring this place.
 F = Levels seen in this place.
 G = Mean time per level.
                   A        B        C        D        E       F      G
               +--------+--------+--------+--------+--------+-----+--------+
         Total |   5504 |   5241 |    263 |     37 |   3917 |   9 |  611.6 |
       Dungeon |   5439 |   5185 |    254 |     37 |   3873 |   8 |  679.9 |
        Temple |     64 |     56 |      8 |      0 |     44 |   1 |   64.0 |
               +--------+--------+--------+--------+--------+-----+--------+

Top non-repeatable levels by time:
     D:5: 1148 daAuts
     D:2: 1009 daAuts
     D:7: 820 daAuts
     D:4: 754 daAuts
     D:1: 634 daAuts
     D:3: 539 daAuts
     D:6: 456 daAuts
     D:8: 77 daAuts
  Temple: 64 daAuts
